Map: Ley Lines

Players

Remarcable (uThermal) - Winner!

  • Race: Terran Terran
  • League: Grandmaster
  • Spawn Location: 1:00

STZsOs (sOs)

  • Race: Protoss Protoss
  • League: Master
  • Spawn Location: 7:00

Event: HomeStory Cup XXVII

VOD

Have the link to the VOD?

Description

Time

  • Played on: June 29, 2025, 6:28 a.m.
  • Length: 13:30

All games in this series

Show
View Real Time Build Order
Export as new Build Order

Remarcable Terran - Winner!

Build Orders:  

Get SALT Encoding   

  12  0:00  SCV  
  13  0:12  SCV  
  14  0:17  Supply Depot  
  14  0:24  SCV  
  14  0:27  Refinery  
  15  0:38  SCV  
  16  0:44  Barracks  
  16  0:50  SCV  
  17  1:02  SCV  
  18  1:15  SCV  
  19  1:31  Orbital Command, Marine  
  19  1:32  Factory  
  20  1:49  Barracks Reactor  
  20  1:57  Command Center  
  20  2:04  Supply Depot  
  20  2:05  SCV  
  21  2:17  SCV  
  22  2:28  Hellion x2  
  22  2:29  SCV  
  27  2:30  Supply Depot  
  27  2:32  Refinery  
  27  2:41  SCV  
  28  2:49  Hellion  
  30  2:51  Hellion  
  30  2:53  SCV  
  33  3:07  Starport  
  35  3:13  Widow Mine  
  35  3:14  Widow Mine  
  35  3:15  SCV  
  38  3:25  Orbital Command  
  38  3:27  SCV  
  39  3:37  Widow Mine x2  
  39  3:39  SCV  
  44  3:51  SCV x2  
  44  3:54  Medivac  
  46  4:02  Widow Mine x2  
  48  4:03  SCV x2  
  50  4:15  SCV x2  
  50  4:21  Supply Depot  
  46  4:27  SCV, Liberator  
  46  4:29  Marine x2  
  46  4:31  Supply Depot  
  52  4:32  Factory Tech Lab  
  50  4:39  SCV  
  50  4:43  Orbital Command  
  51  4:47  Marine x2  
  51  4:48  Supply Depot  
  51  4:51  Siege Tank  
  51  4:52  SCV  
  57  5:00  Supply Depot  
  57  5:04  SCV  
  57  5:05  Marine x2  
  58  5:16  SCV  
  58  5:20  Engineering Bay  
  55  5:23  Siege Tank  
  55  5:28  SCV  
  59  5:29  Orbital Command  
  59  5:32  Liberator  
  61  5:40  SCV  
  60  5:45  Marine  
  61  5:50  Missile Turret  
  61  5:52  SCV  
  63  5:57  SCV  
  63  6:00  Siege Tank  
  63  6:02  Marine  
  63  6:03  Marine  
  68  6:04  SCV  
  68  6:09  Bunker  
  69  6:13  Barracks, SCV  
  69  6:17  SCV  
  71  6:21  Marine  
  71  6:22  Starport Tech Lab, Marine  
  71  6:25  SCV  
  74  6:26  Barracks  
  74  6:29  SCV  
  74  6:32  Siege Tank  
  75  6:36  Refinery, Supply Depot  
  75  6:37  Refinery, SCV  
  76  6:41  Marine, SCV  
  76  6:42  Missile Turret, Marine  
  76  6:47  Supply Depot  
  79  6:49  SCV  
  79  6:50  Supply Depot  
  79  6:53  Supply Depot, SCV  
  81  6:59  Marine x2  
  83  7:01  SCV  
  83  7:05  SCV  
  85  7:11  Factory Reactor  
  85  7:13  SCV  
  85  7:15  Marauder, Stimpack  
  88  7:16  Starport Reactor  
  88  7:17  SCV  
  88  7:20  Supply Depot  
  88  7:21  Command Center  
  89  7:27  Marauder, Marine  
  89  7:29  Combat Shield  
  92  7:31  SCV  
  92  7:32  SCV  
  92  7:36  Marauder  
  96  7:38  Supply Depot  
  96  7:43  Marine  
  97  7:44  SCV  
  97  7:49  Marauder, SCV  
  101  7:54  Widow Mine x2, Medivac  
  101  7:57  Medivac  
  101  7:58  Marauder  
  111  7:59  SCV  
  112  8:07  Marine  
  112  8:10  Marauder, SCV  
  101  8:15  Marine  
  101  8:17  Widow Mine  
  101  8:19  Marauder  
  99  8:21  SCV  
  99  8:24  Barracks  
  99  8:25  Barracks, Medivac  
  102  8:28  SCV  
  102  8:32  Marine  
  102  8:33  Marauder, SCV  
  107  8:38  Widow Mine  
  109  8:41  Terran Infantry Weapons Level 1  
  109  8:43  Marauder  
  111  8:48  Marine  
  111  8:50  Missile Turret  
  111  8:53  Orbital Command  
  111  8:54  SCV  
  113  8:59  Marine  
  113  9:00  Medivac  
  113  9:02  SCV  
  117  9:07  Marauder, Marine  
  117  9:08  Supply Depot, SCV  
  121  9:12  Widow Mine  
  121  9:14  Widow Mine  
  125  9:17  Medivac  
  125  9:18  Barracks Tech Lab  
  125  9:19  Supply Depot, Barracks Tech Lab  
  125  9:20  SCV  
  128  9:26  SCV  
  128  9:30  SCV  
  127  9:33  Widow Mine  
  127  9:34  SCV  
  127  9:35  Widow Mine  
  127  9:38  Marine x2, SCV  
  129  9:39  Marauder x2  
  129  9:42  SCV  
  129  9:43  Marauder, Marine  
  132  9:46  SCV  
  132  9:50  Concussive Shells  
  132  9:51  SCV, Medivac  
  131  9:56  Marine  
  131  9:57  Missile Turret, Marine  
  131  9:59  Bunker, Medivac  
  135  10:00  Marauder  
  135  10:03  Widow Mine  
  138  10:09  Marauder, Marine  
  138  10:10  Marauder  
  138  10:13  Supply Depot  
  138  10:14  Marine  
  143  10:21  Marauder, Medivac  
  144  10:22  Marine  
  144  10:27  Marauder  
  151  10:30  Supply Depot, Marine  
  151  10:31  Marauder  
  151  10:32  Marine  
  153  10:35  Terran Infantry Armor Level 1  
  153  10:40  Marine  
  154  10:43  Marauder  
  154  10:49  Marauder x2, Marine  
  160  10:54  Marine  
  153  11:00  Marine  
  147  11:04  Marauder  
  147  11:05  Barracks  
  147  11:06  Barracks x2  
  147  11:07  Marine  
  147  11:10  Marauder x2  
  154  11:12  Marine  
  154  11:15  Command Center  
  154  11:16  Supply Depot  
  154  11:17  Supply Depot  
  154  11:18  Sensor Tower  
  155  11:22  Armory  
  155  11:23  SCV  
  155  11:25  Marine  
  157  11:26  Marauder, Engineering Bay  
  157  11:30  Marauder  
  161  11:39  SCV  
  161  11:43  Marine x2  
  161  11:44  Marauder x2  
  167  11:48  Medivac x2  
  171  11:56  SCV  
  171  11:57  Marauder  
  164  12:05  Marauder, Marine  
  164  12:08  SCV  
  149  12:11  Marine x2  
  149  12:12  Marauder x2  
  149  12:13  Barracks Tech Lab  
  149  12:14  Barracks Tech Lab  
  151  12:18  Marauder, Medivac  
  151  12:19  Medivac  
  157  12:23  Marine  
  157  12:27  Marauder  
  157  12:29  Marine x2  
  162  12:33  Marauder x2  
  162  12:36  Marine  
  169  12:37  Marauder  
  169  12:38  Command Center  
  169  12:47  Marauder, Marine  
  169  12:48  Missile Turret, Medivac  
  169  12:50  Marine  
  169  12:51  Marauder  
  176  12:54  Medivac  
  178  12:59  Ghost Academy  
  178  13:01  Marauder, Marine  
  178  13:05  Marine  
  181  13:06  Marauder  
  181  13:09  Marine  
  181  13:10  Marine  
Show
View Real Time Build Order
Export as new Build Order

STZsOs Protoss 

Build Orders: 1 Gate Expand 

Get SALT Encoding   

  12  0:00  Probe  
  13  0:12  Probe  
  14  0:16  Pylon  
  14  0:24  Probe  
  15  0:33  Probe  
  15  0:36  Gateway  
  15  0:41  Probe  
  16  0:46  Assimilator  
  17  0:51  Probe  
  18  1:03  Probe  
  19  1:15  Probe  
  20  1:23  Cybernetics Core, Zealot  
  22  1:37  Nexus  
  22  1:44  Pylon  
  22  1:46  Warp Gate  
  22  1:47  Probe  
  22  1:52  Assimilator, Adept  
  23  2:02  Probe  
  26  2:14  Probe  
  27  2:22  Adept  
  29  2:27  Probe  
  30  2:39  Probe  
  31  2:46  Gateway  
  31  2:49  Gateway  
  31  2:52  Probe  
  32  3:03  Probe  
  32  3:04  Pylon, Probe  
  30  3:07  Adept  
  30  3:11  Shield Battery  
  32  3:15  Probe  
  32  3:16  Probe  
  34  3:21  Pylon  
  34  3:44  Stalker  
  34  3:45  Probe, Stalker  
  34  3:47  Stalker  
  36  3:48  Probe  
  38  4:00  Probe  
  38  4:01  Probe  
  36  4:09  Robotics Facility  
  36  4:11  Stalker  
  36  4:13  Probe x2  
  37  4:25  Probe  
  37  4:26  Probe  
  37  4:28  Stalker  
  41  4:34  Probe x2  
  43  4:45  Probe, Stalker x2  
  47  4:51  Probe  
  48  4:56  Observer  
  48  4:57  Probe  
  51  5:10  Probe  
  40  5:14  Probe  
  40  5:15  Observer  
  40  5:18  Probe  
  43  5:23  Probe  
  43  5:24  Robotics Bay  
  45  5:28  Probe  
  45  5:31  Probe  
  47  5:40  Probe  
  47  5:41  Probe  
  52  5:43  Assimilator  
  52  5:49  Stalker  
  51  5:50  Stalker x2  
  51  5:56  Probe x2  
  57  6:01  Pylon  
  57  6:08  Probe  
  58  6:13  Immortal  
  62  6:19  Probe  
  62  6:20  Probe  
  64  6:29  Pylon  
  64  6:32  Sentry, Zealot  
  66  6:33  Zealot  
  66  6:36  Pylon  
  66  6:37  Observer  
  70  6:41  Colossus  
  70  6:47  Probe x2  
  78  7:01  Probe x2  
  79  7:02  Observer  
  80  7:10  Nexus  
  80  7:15  Zealot x2  
  84  7:18  Zealot  
  86  7:23  Pylon  
  86  7:35  Colossus  
  86  7:36  Pylon  
  86  7:41  Probe x2  
  94  8:00  Zealot x3  
  78  8:14  Probe x2  
  78  8:15  Colossus  
  70  8:20  Stalker x2  
  70  8:21  Extended Thermal Lance  
  70  8:23  Probe  
  70  8:25  Probe x2  
  77  8:31  Probe  
  77  8:33  Forge, Probe  
  83  8:34  Twilight Council  
  83  8:37  Probe  
  83  8:39  Probe  
  83  8:41  Probe  
  86  8:42  Sentry  
  86  8:43  Sentry  
  86  8:47  Probe  
  92  8:50  Probe  
  92  8:52  Probe  
  92  8:53  Pylon  
  95  8:59  Probe  
  95  9:01  Gateway  
  95  9:02  Probe  
  97  9:03  Gateway  
  97  9:04  Protoss Ground Weapons Level 1  
  96  9:10  Charge  
  96  9:13  Colossus  
  96  9:14  Probe  
  101  9:17  Shield Battery  
  101  9:26  Probe  
  101  9:31  Zealot x3  
  102  9:35  Probe  
  93  9:52  Zealot x3  
  90  9:57  Colossus, Probe x3  
  99  10:16  Gateway, Zealot x3  
  99  10:17  Zealot  
  99  10:19  Templar Archives  
  99  10:20  Pylon  
  107  10:26  Pylon  
  107  10:44  Probe, Nexus  
  107  10:46  Shield Battery  
  107  10:49  Stalker x2  
  110  10:50  Stalker  
  110  10:56  Probe, Protoss Ground Weapons Level 2  
  107  10:59  Colossus  
  107  11:00  Stalker  
  111  11:11  Probe x3  
  114  11:20  Assimilator  
  114  11:22  Zealot x4  
  114  11:23  Probe x3  
  114  11:24  Blink  
  125  11:33  Zealot x2  
  129  11:48  Zealot x2  
  129  11:49  Zealot  
  129  11:52  Probe x2  
  108  12:14  Stalker x3  
  111  12:15  Nexus  
  111  12:18  Probe  
  111  12:20  Probe  
  113  12:23  Probe  
  113  12:30  Probe  
  113  12:36  Zealot x3  
  120  12:38  Probe  
  120  12:44  Probe  
  122  12:46  Photon Cannon  
  121  12:51  Zealot x3  
  121  12:58  Probe  
  127  13:02  Forge  
  124  13:06  Zealot x3  
  131  13:14  Probe  
Tags
 
Add a new tag
Caveats
  • Supply blocks, unpowered buildings, or Contaminate may cause inaccurate times.
  • Supply counts are checked every 10 seconds.